 Dungeon Crawl Stone Soup version 0.31-a0-971-g75a2e9a4b4 (webtiles) character file.

Game seed: 17101052629592157765

591 BinkBink the Changeling (level 7, -1/54 HPs)
             Began as a Merfolk Shapeshifter on Oct 28, 2023.
             Was an Initiate of Qazlal.
             Slain by an orc warrior
             ... wielding a +0 dire flail
              (14 damage)
             ... on level 4 of the Dungeon.
             The game lasted 00:08:22 (5045 turns).

BinkBink the Changeling (Merfolk Shapeshifter)      Turns: 5045, Time: 00:08:23

Health: -1/54      AC:  3    Str: 17    XL:     7   Next: 39%
Magic:  7/7        EV: 14    Int:  9    God:    Qazlal [......]
Gold:   371        SH:  0    Dex: 13    Spells: 6/6 levels left

rFire   . .          .
                       - Unarmed
rCold   . . .        (no shield)
rNeg    . . .        a - +1 animal skin
rPois   .            (helmet currently unavailable)
rElec   .            (cloak currently unavailable)
rCorr   .            (gloves currently unavailable)
SInv    .            (boots currently unavailable)
Will    +....        (no amulet)
Stlth   +            k - ring of willpower
HPRegen 0.29/turn    (no ring)
MPRegen 0.10/turn

%: no passive effects
@: beast-form
A: beast (slay +3), (nimble swimmer 2), mertail
a: Begin Untransformation, Renounce Religion


You were on level 4 of the Dungeon.
You worshipped Qazlal.
Qazlal was noncommittal.
You were a hulking beast.
You visited 2 branches of the dungeon, and saw 6 of its levels.

You collected 371 gold pieces.

Inventory:

Hand Weapons
 o - a +1 arbalest
Armour
 a - a +1 animal skin (worn)
Jewellery
 k - a ring of willpower (left hand)
Talismans
 c - a beast talisman (active)
 d - a flux talisman
Scrolls
 f - a scroll of blinking
 g - a scroll of noise
 i - 2 scrolls of revelation
 q - a scroll of amnesia
Potions
 b - 2 potions of lignification
 l - a potion of brilliance {unknown}
 p - a potion of attraction {unknown}


   Skills:
 + Level 4.2 Fighting
 + Level 5.6 Dodging
 + Level 5.3 Unarmed Combat
 + Level 6.1 Shapeshifting


You had 6 spell levels left.
You didn't know any spells.
Your spell library contained the following spells:

 Spells                   Type           Power      Damage    Failure   Level
 Dazzling Flash           Conj/Hex       0%         N/A       77%         3
 Volatile Blastmotes      Fire/Tloc      0%         2d10      77%         3
 Starburst                Conj/Fire      0%         6d3       100%        6
 Maxwell's Capacitive Co  Air            0%         ∞         100%        8


Dungeon Overview and Level Annotations

Branches:
Dungeon (5/15)             Temple (1/1) D:4

Altars:
Ashenzari
Cheibriados
Dithmenos
Elyvilon
Fedhas
Gozag
Kikubaaqudgha
Makhleb
Nemelex Xobeh
Okawaru
Qazlal
Ru
Sif Muna
Trog
Uskayaw
Vehumet
Xom
Zin
The Shining One

Annotations:
D:1 1 transporter
D:4 Pikel


Innate Abilities, Weirdness & Mutations

You are a hulking beast.
Your limbs bulge with bestial killing power. (Slay +3)
((You are very nimble when in or above water. (Stealth+, EV+, Speed+++)))
Your lower body shifts to a powerful aquatic tail in water.


Message History

Things that are here:
a +0 club; an orb of energy; a kobold corpse
e - an orb of energy You drop an orb of energy.
HP restored.
Done exploring.
There is a stone staircase leading down here.
You climb downwards.
The orc warrior hits you with a +0 dire flail!
The orc hits you with a +0 short sword.
An orc wizard comes into view. It is wielding a +0 dagger.
The orc warrior hits you with a +0 dire flail!
There is a stone staircase leading up, spattered with blood here.
The orc closely misses you.
The orc warrior hits you with a +0 dire flail!
* * * LOW HITPOINT WARNING * * *
You climb upwards.
Level annotation: Pikel
There is a stone staircase leading down here.
The orc attacks as it pursues you! The orc misses you.
You hit the orc.
The orc is lightly wounded.
The orc hits you with a +0 short sword.
* * * LOW HITPOINT WARNING * * *
You barely miss the orc. Your punch misses the orc.
The orc is lightly wounded.
The orc hits you with a +0 short sword.
* * * LOW HITPOINT WARNING * * *
You barely miss the orc.
The orc is lightly wounded.
The orc hits you but does no damage.
You hit the orc.
You kill the orc!
Qazlal accepts your kill.
You hit the orc warrior but do no damage.
The orc warrior misses you.
You hit the orc warrior.
The orc warrior is lightly wounded.
The orc warrior hits you with a +0 dire flail!
You die...

..##.##<..)......##...##...#.##
#.##.#..##......#..###..#..#..###
...K.K.##......#..#...#..#.....#.
.5##....#......#.#.###.#.#..#....
.######.......#.#.#...#.#.####...
.####.........#.#.#.>.#.#.####...
..............#.#.#...#.#.#......
...............#.#.###.#.#..###..
#....).........#h.#...#..#.......
#..........###.o#..###..#..#.....
#............>...##...##...#[....
#...........[......###....##....(
#...[...................#######..
#..........##########.......####.
#..........# ##...........
#..........# ############
#..........#


You could see an orc warrior.

Vanquished Creatures
  A phantom (D:4)
  2 lemures (Temple)
  2 scorpions
  A howler monkey (D:5)
  3 hounds
  An iguana (D:4)
  A sleepcap (D:4)
  7 adders
  6 gnolls
  3 dart slugs
  2 orcs
  9 ball pythons
  2 bats (D:3)
  9 endoplasms
  3 giant cockroaches
  12 goblins
  7 hobgoblins
  6 jackals
  5 quokkas
  5 frilled lizards
  6 kobolds
  4 rats (D:2)
97 creatures vanquished.

Notes
Turn   | Place    | Note
-------+----------+-------------------------------------------
     0 | D:1      | BinkBink the Merfolk Shapeshifter began the quest for the
                  | Orb.
     0 | D:1      | Reached XP level 1. HP: 15/15 MP: 1/1
   200 | D:1      | Reached XP level 2. HP: 20/21 MP: 2/2
   826 | D:2      | Reached XP level 3. HP: 26/27 MP: 3/3
  1312 | D:2      | Reached XP level 4. HP: 29/33 MP: 4/4
  2260 | D:3      | Found a snail-covered altar of Cheibriados.
  2314 | D:3      | Reached XP level 5. HP: 39/39 MP: 5/5
  2517 | D:3      | Found a radiant altar of Vehumet.
  2518 | D:3      | Found a shimmering altar of Xom.
  2518 | D:3      | Found a glowing silver altar of Zin.
  2521 | D:3      | Found a stormy altar of Qazlal.
  2524 | D:3      | Became a worshipper of Qazlal Stormbringer
  2811 | D:4      | Reached skill level 5 in Shapeshifting
  2979 | D:4      | Noticed a lemure
  3234 | D:4      | Reached XP level 6. HP: 30/47 MP: 6/6
  3296 | D:4      | Found a staircase to the Ecumenical Temple.
  3345 | Temple   | Entered the Ecumenical Temple
  3587 | D:4      | Noticed Pikel
  3715 | D:4      | Identified the +9 spear of Chaos {venom, *Noise rN++ rCorr
                  | Str+4}
  3853 | D:4      | Reached skill level 5 in Dodging
  4077 | D:4      | Reached skill level 5 in Unarmed Combat
  4297 | D:4      | Reached * piety under Qazlal
  4306 | D:4      | Reached XP level 7. HP: 31/53 MP: 7/7
  4843 | D:5      | Entered Level 5 of the Dungeon
  4857 | D:5      | Reached skill level 6 in Shapeshifting
  5045 | D:4      | Slain by an orc warrior

Illustrated notes

Levels and vault maps discovered:
D:1:      spicycebolla_arrival_risky_transporter, layout_basic,
          corexii_leaking_fountain, amethyst_killhole
D:2:      cheibrodos_greedy_goblins, layout_rooms, serial_co_window_serial,
          co_window_of_opportunity_a, co_window_corner_a, co_window_paths_b,
          co_window_paths_a, co_window_paths_a, co_window_paths_a,
          co_window_of_opportunity_a, co_window_corner_b, co_window_2corner,
          co_window_broadway_a, co_window_2corner, co_window_corner_b,
          co_window_of_opportunity_b, glass_columns_b, glass_columns_a,
          glass_columns_a, hangedman_decor_opposing, grunt_ministairs_15
D:3:      layout_loops_cross, cheibriados_altar_2, minitemple, serial_glass,
          glass_columns_c, glass_columns_b, minmay_surrounded
D:4:      layout_rooms, minmay_temple_entry_steel_oval,
          minmay_gold_behind_fungi, kennysheep_dice, uniq_pikel
D:5:      layout_rooms, nicolae_nh_ransacked_shop
Temple:   compressed_dpeg_circular_temple

Skill      XL: |  1  2  3  4  5  6  7 |
---------------+----------------------+-----
Dodging        | 3 4 5 |  5.6
Fighting       | 2 3 4 |  4.2
Unarmed Combat | 4 5 |  5.3
Shapeshifting  | 5 6 |  6.1

Action                     |  1- 3 |  4- 6 |  7- 9 || total
---------------------------+-------+-------+-------++-------
  Melee: Unarmed           |    86 |   162 |    22 ||   270
         Punch             |     2 |     7 |       ||     9
   Fire: Arbalest          |       |    56 |       ||    56
    Use: Potion            |       |     1 |     1 ||     2
         Scroll            |       |       |    10 ||    10
   Stab: Sleeping          |     2 |     1 |       ||     3
 Armour: Animal skin       |    38 |    94 |    27 ||   159
  Dodge: Dodged            |    45 |   115 |    14 ||   174
   Form: Beast             |     1 |       |       ||     1

Table legend: (Time is in decaauts)
 A = Elapsed time spent in this place.
 B = Non-inter-level travel time spent in this place.
 C = Inter-level travel time spent in this place.
 D = Time resting spent in this place.
 E = Time spent auto-exploring this place.
 F = Levels seen in this place.
 G = Mean time per level.
                   A        B        C        D        E       F      G
               +--------+--------+--------+--------+--------+-----+--------+
         Total |   5080 |   4607 |    473 |    821 |   2878 |   6 |  846.7 |
       Dungeon |   4743 |   4270 |    473 |    512 |   2878 |   5 |  948.6 |
        Temple |    337 |    337 |      0 |    309 |      0 |   1 |  337.0 |
               +--------+--------+--------+--------+--------+-----+--------+

Top non-repeatable levels by time:
     D:3: 1296 daAuts
     D:2: 1288 daAuts
     D:4: 1273 daAuts
     D:1: 811 daAuts
  Temple: 337 daAuts
     D:5: 73 daAuts
